AoeStats
← HORA DE CALLARSE UN POQUITO

Black Forest

508353848Analyzed
4v4 RM · 12d ago on Sep 22, 2026· 37m 2s· 8 players
Game mode
Random Map
Map size
Large (8 player)
Population
200
Speed
Normal
Resources
Standard
Victory
Conquest
Starting age
Dark Age
Ending age
Imperial Age
RankedLock teamsTeams togetherTeam positionsShared explorationLock speedFull tech treeHidden civsTurbo modeCheats
Victory
Defeat
🇵🇪 Byzantines · Peru
779
+16
🇵🇪 Aztecs · Peru
720
+7
🇵🇪 Huns · Peru
650
+14
644
+10
🇺🇸 Britons · United States
612
-12
🇧🇴 Spanish · Bolivia
493
-8
🇧🇷 Franks · Brazil
488
-7
🇲🇽 Bohemians · Mexico
409
-5
MATHZERA 4M
0:34 Loom
17:00 Feudal Age
18:53 Town Watch
19:43 Wheelbarrow
27:11 Fletching
27:22 Padded Archer Armor
29:50 Forging
29:40 Scale Mail Armor
29:46 Scale Barding Armor
Goku18996640
2:30 Loom
18:36 Feudal Age
20:09 Town Watch
21:05 Wheelbarrow
20:22 Double-Bit Axe
21:46 Scale Barding Armor
24:14 Horse Collar
29:53 Forging
Karma
8:59 Loom
11:16 Feudal Age
11:53 Double-Bit Axe
19:24 Castle Age
17:56 Horse Collar
18:12 Gold Mining
21:01 Bow Saw
21:07 Stone Mining
21:54 Gold Shaft Mining
22:55 Heavy Plow
23:21 Fletching
23:33 Scale Mail Armor
28:20 Light Cavalry
28:24 Pikeman
29:12 Squires
29:42 Husbandry
30:08 Fervor
31:58 Fortified Wall
32:09 Ballistics
32:02 Bodkin Arrow
32:25 Chain Mail Armor
32:11 Padded Archer Armor
32:22 Forging
39:06 Imperial Age
wfcwilly
1:59 Loom
16:27 Feudal Age
16:58 Horse Collar
18:41 Wheelbarrow
19:56 Double-Bit Axe
23:37 Gold Mining
24:07 Stone Mining
24:55 Scale Mail Armor
32:40 Castle Age
CHULETÓN
11:56 Feudal Age
12:40 Double-Bit Axe
12:39 Horse Collar
12:53 Gold Mining
27:21 Castle Age
28:09 Heavy Plow
28:23 Bow Saw
29:56 Gold Shaft Mining
29:14 Stone Mining
34:24 Scale Barding Armor
34:30 Forging
34:26 Husbandry
34:43 Bloodlines
HORA DE CALLARSE UN POQUITO
8:13 Loom
11:27 Feudal Age
12:08 Double-Bit Axe
12:14 Horse Collar
14:14 Wheelbarrow
22:35 Castle Age
21:21 Gold Mining
21:21 Stone Mining
22:04 Bloodlines
22:05 Scale Barding Armor
22:48 Light Cavalry
23:29 Husbandry
23:43 Bow Saw
23:37 Heavy Plow
24:07 Hand Cart
25:14 Chain Barding Armor
24:56 Scale Mail Armor
26:22 Coinage
27:13 Pikeman
27:59 Squires
31:44 Stone Shaft Mining
36:06 Imperial Age
34:06 Szlachta Privileges
35:11 Chain Mail Armor
35:08 Forging
36:53 Arrowslits
36:58 Guard Tower
37:19 Fortified Wall
37:05 Murder Holes
36:50 Treadmill Crane
37:31 Ballistics
37:22 Masonry
37:18 Siege Engineers
38:15 Chemistry
Elmau1618
11:54 Feudal Age
14:13 Loom
17:03 Castle Age
15:10 Double-Bit Axe
23:32 Gold Mining
26:07 Gold Shaft Mining
26:39 Eagle Warrior
32:25 Bow Saw
38:05 Imperial Age
PINGA CON KAKA
11:39 Feudal Age
12:08 Horse Collar
12:17 Double-Bit Axe
16:26 Wheelbarrow
15:38 Loom
22:41 Castle Age
26:19 Heavy Plow
26:47 Bow Saw
26:29 Gold Mining
26:33 Stone Mining
27:56 Hand Cart
29:32 Forging
29:27 Scale Mail Armor
30:07 Pikeman
30:50 Squires
30:42 Gambesons
39:27 Imperial Age
Connection lost

Rejoining the realm…

Still unreachable

The connection could not be restored.

Session expired

The server has moved on; the page needs a fresh start.